 Dungeon Crawl Stone Soup version 0.31-a0-833-gc15d34cb79 (webtiles) character file.

Game seed: 1885929010804473233

15 LeprechaunX the Changeling (level 2, -2/18 HPs)
             Began as an Octopode Shapeshifter on Sept 25, 2023.
             Slain by Terence
             ... wielding a +0 flail
              (11 damage)
             ... on level 2 of the Dungeon.
             The game lasted 00:00:38 (695 turns).

LeprechaunX the Changeling (Octopode Shapeshifter)   Turns: 695, Time: 00:00:40

Health: -2/18      AC:  1    Str: 13    XL:     2   Next: 50%
Magic:  0/2        EV: 13    Int: 12    God:
Gold:   88         SH:  0    Dex: 11    Spells: 1/1 levels left

rFire   . .          .
                       - Unarmed
rCold   . . .        (no shield)
rNeg    . . .        (helmet currently unavailable)
rPois   .            g - amulet of guardian spirit
rElec   .            (no ring)
rCorr   .            (no ring)
SInv    .            (no ring)
Will    .....        (no ring)
Stlth   ++           (no ring)
HPRegen 0.23/turn    (no ring)
MPRegen 0.08/turn    (no ring)
                     (no ring)

%: guardian spirit
@: beast-form
A: beast (slay +1), almost no armour, amphibious, 8 rings, camouflage 1,
gelatinous body 1, (nimble swimmer 1), tentacles
a: Begin Untransformation


You were on level 2 of the Dungeon.
You were a hulking beast.
You visited 1 branch of the dungeon, and saw 2 of its levels.

You collected 88 gold pieces.

Inventory:

Jewellery
 g - an amulet of guardian spirit (around mantle)
Talismans
 b - a beast talisman (active)
 c - a flux talisman
Scrolls
 i - a scroll of amnesia {unknown}
Potions
 a - a potion of lignification
 d - a potion of berserk rage {unknown}
 e - a potion of degeneration {unknown}
 f - a potion of heal wounds {unknown}
 h - a potion of brilliance {unknown}


   Skills:
 + Level 1.3 Fighting
 + Level 2.1 Dodging
 + Level 3.1 Unarmed Combat
 + Level 0.1 Spellcasting
 * Level 3.2 Shapeshifting


You had one spell level left.
You didn't know any spells.
Your spell library was empty.

Dungeon Overview and Level Annotations

Branches:
Dungeon (2/15)

Altars:
Xom

Annotations:
D:2 Terence


Innate Abilities, Weirdness & Mutations

You are a hulking beast.
Your limbs bulge with bestial killing power. (Slay +1)
You cannot wear most types of armour.
You are amphibious.
You can wear up to eight rings at the same time.
Your skin changes colour to match your surroundings (Stealth+).
Your rubbery body absorbs attacks. (AC +1, EV +1)
((You are camouflaged when in or above water. (Stealth+)))
You have tentacles for arms and can constrict up to eight enemies at once.


Message History

No target in view!
No target in view!
No target in view!
No target in view!
No target in view!
No target in view!
No target in view!
No target in view!
There is a shimmering altar of Xom here.
Found 6 stones.
Terence the Incautious comes into view.
He is wielding a +0 flail.
Terence shouts!
Terence is nearby!
Terence is nearby!
You see here a smoky inky potion.
A rat comes into view.
A kobold comes into view. It is wielding a +0 club.
The kobold shouts!
You hear a shout!
Terence closely misses you.
You closely miss Terence. You grab Terence.
You constrict Terence, but do no damage.
A hobgoblin comes into view.
Terence barely misses you.
You tentacle-slap Terence but do no damage.
You constrict Terence. Terence hits you with a +0 flail!
You bludgeon Terence!
Terence is heavily wounded.
You constrict Terence, but do no damage.
Terence says, "Don't bother to defend, it's senseless."
Terence closely misses you.
You tentacle-slap Terence but do no damage.
Terence is heavily wounded.
You constrict Terence. The rat bites you. Terence closely misses you.
You tentacle-slap Terence but do no damage.
Your tentacle-slap misses Terence.
Terence is heavily wounded.
You constrict Terence, but do no damage.
The rat bites you. Terence hits you with a +0 flail!
Ouch! That really hurt!
You die...

..........# #.
#........# ###.
#........# .....
#........# .....
#.......# .....g #
#....>..##### ......#
#.##..[.........
.....K@##........######.
#rh####.....## #.
...##..###.._...### ##
........!............
##+####.###.....#####
#.. ###.### ###. ...# #
#...# ....# #....


You could see Terence, a hobgoblin, a kobold and a rat.

Vanquished Creatures
  A giant cockroach (D:1)
  2 goblins
  A hobgoblin (D:1)
  4 ball pythons
  A bat (D:1)
  2 frilled lizards (D:1)
  3 kobolds (D:1)
  A rat (D:1)
15 creatures vanquished.

Notes
Turn   | Place    | Note
-------+----------+-------------------------------------------
     0 | D:1      | LeprechaunX the Octopode Shapeshifter began the quest for
                  | the Orb.
     0 | D:1      | Reached XP level 1. HP: 13/13 MP: 1/1
   187 | D:1      | Noticed a floating eye
   189 | D:1      | Found a faded altar of an unknown god.
   192 | D:1      | Reached XP level 2. HP: 18/18 MP: 2/2
   192 | D:1      | Noticed a floating eye
   192 | D:1      | Noticed an eye of devastation
   192 | D:1      | Noticed a golden eye
   677 | D:2      | Found a shimmering altar of Xom.
   687 | D:2      | Noticed Terence
   695 | D:2      | Slain by Terence

Illustrated notes

Levels and vault maps discovered:
D:1:      scummos_arrival_hexagon, layout_basic,
          hellmonk_ecumenical_altar_watching_god, minivault_4
D:2:      layout_basic, basic_altar, uniq_terence

Action                     || total
---------------------------++-------
  Melee: Unarmed           ||    35
         Constrict         ||    10
         Punch             ||     1
         Tentacles         ||     1
   Stab: Sleeping          ||     5
 Armour: Skin              ||    13
  Dodge: Dodged            ||    26

Table legend: (Time is in decaauts)
 A = Elapsed time spent in this place.
 B = Non-inter-level travel time spent in this place.
 C = Inter-level travel time spent in this place.
 D = Time resting spent in this place.
 E = Time spent auto-exploring this place.
 F = Levels seen in this place.
 G = Mean time per level.
                   A        B        C        D        E       F      G
               +--------+--------+--------+--------+--------+-----+--------+
         Total |    693 |    661 |     32 |      0 |    547 |   2 |  346.5 |
       Dungeon |    693 |    661 |     32 |      0 |    547 |   2 |  346.5 |
               +--------+--------+--------+--------+--------+-----+--------+

Top non-repeatable levels by time:
     D:1: 650 daAuts
     D:2: 42 daAuts
